 Dungeon Crawl Stone Soup version 0.30-a0-782-ge64f9170bb (webtiles) character file.

Game seed: 7492994570092975345

183 IndexError the Shooter (level 5, 0/33 HPs)
             Began as a Gargoyle Hunter on Mar 2, 2023.
             Slain by a white imp (2 damage)
             ... summoned by Natasha
             ... on level 3 of the Dungeon.
             The game lasted 00:02:59 (2020 turns).

IndexError the Shooter (Gargoyle Hunter)            Turns: 2020, Time: 00:03:00

Health: 0/33       AC:  7    Str: 15    XL:     5   Next: 62%
Magic:  5/5        EV:  6    Int:  9    God:
Gold:   89         SH:  0    Dex: 15    Spells: 4/4 levels left

rFire   . . .      SeeInvis .    a - +0 shortbow
rCold   . . .      Faith    .    (shield currently unavailable)
rNeg    + . .      Spirit   .    c - +0 leather armour
rPois   ∞          Reflect  .    (no helmet)
rElec   +          Harm     .    (no cloak)
rCorr   .          Rampage  .    (no gloves)
Will    .....                    (no boots)
Stlth   ++                       (no amulet)
HPRegen 0.25/turn                e - +4 ring of slaying
MPRegen 0.09/turn                (no ring)

@: held, slowed, very slow
A: sickness immunity, AC +4, negative energy resistance 1, electricity
resistance, torment resistance 1, petrification resistance
a: no special abilities


You were on level 3 of the Dungeon.
You visited 1 branch of the dungeon, and saw 3 of its levels.

You collected 89 gold pieces.

Inventory:

Hand Weapons
 a - a +0 shortbow (weapon)
Missiles
 i - 6 javelins
Armour
 c - a +0 leather armour (worn)
Jewellery
 e - a +4 ring of slaying (left hand)
   (You found it on level 1 of the Dungeon)
Wands
 n - a wand of charming (8)
   (You found it on level 2 of the Dungeon)
 q - a wand of iceblast (8)
   (You found it on level 3 of the Dungeon)
Scrolls
 b - a scroll of immolation {!r}
 f - 2 scrolls of teleportation {unknown}
 h - a scroll of amnesia {unknown}
 j - 2 scrolls of identify {unknown}
 l - a scroll of magic mapping {unknown}
 m - a scroll of torment {unknown}
 o - a scroll of enchant weapon {unknown}
 p - a scroll of fog {unknown}
Potions
 d - a potion of magic {unknown}
 g - 2 potions of attraction {unknown}
 k - a potion of invisibility {unknown}


   Skills:
 + Level 3.9 Fighting
 * Level 6.0 Ranged Weapons
 - Level 1.5 Dodging
 - Level 1.1 Stealth


You had 4 spell levels left.
You didn't know any spells.
Your spell library was empty.

Dungeon Overview and Level Annotations

Branches:
Dungeon (3/15)

Altars:

Annotations:
D:3 Natasha


Innate Abilities, Weirdness & Mutations

You are immune to sickness and miasma.
Your stone body is resilient. (AC +4)
You are immune to poison.
You resist negative energy. (rN+)
You are resistant to electric shocks. (rElec)
You are resistant to unholy torment.
You are immune to petrification.


Message History

You see here a +0 club.
A giant cockroach comes into view.
You shoot an arrow. The arrow hits the giant cockroach!
No target in view!
No target in view!
No target in view!
A hobgoblin comes into view.
A hobgoblin is nearby!
You shoot an arrow. The arrow hits the hobgoblin.
The hobgoblin shouts!
You hear an angry hiss.
You shoot an arrow. The arrow hits the hobgoblin!
No target in view!
No target in view!
Natasha, Servant of Life and Death comes into view.
You shoot an arrow. The arrow closely misses Natasha.
You shoot an arrow. The arrow hits Natasha!
Natasha stares at you and mumbles some strange words.
You feel yourself slow down.
You shoot an arrow. The arrow closely misses Natasha.
Natasha drinks a potion.
Natasha is healed!
You shoot an arrow. The arrow hits Natasha.
You shoot an arrow. The arrow hits Natasha.
Natasha casts a spell at you. You resist with some effort.
You shoot an arrow. The arrow barely misses Natasha.
Natasha extends her claws.
Natasha casts a spell at you. The magic dart hits you!
Natasha closely misses you.
You take 9 damage, and have 24/33 hp.
MASSIVE DAMAGE!!
You shoot an arrow. The arrow hits Natasha.
Natasha barely misses you. x2
You shoot an arrow.
The arrow hits Natasha but does no damage.
Natasha closely misses you. Natasha misses you.
You shoot an arrow. The arrow hits Natasha.
Natasha yowls pathetically as she dies!
Your Ranged Weapons skill increases to level 6!
No target in view!
No target in view!
You feel yourself speed up.
Natasha, Servant of Life and Death comes into view.
A gnoll comes into view. It is wielding a +0 club.
Health restored: 33 Fire: a) +0 shortbow
Press: ? - help, Q - select action, (/) - cycle Shift-Dir - straight line, f - Natasha
Aim: Natasha (wandering, hasn't noticed you, 61% to hit)
You shoot an arrow. The gnoll shouts!
The arrow hits Natasha.
Fire: a) +0 shortbow
Press: ? - help, Q - select action, (/) - cycle Shift-Dir - straight line, f/p - Natasha
Aim: Natasha (lightly wounded, 61% to hit)
You shoot an arrow. The arrow hits Natasha!
A gnoll comes into view. It is wielding a +0 spear.
Fire: a) +0 shortbow
Press: ? - help, Q - select action, (/) - cycle Shift-Dir - straight line, f/p - Natasha
Aim: Natasha (severely wounded, 61% to hit)
You shoot an arrow. The gnoll shouts!
The arrow hits Natasha.
You hear an angry hiss.
Natasha stares at you and mumbles some strange words.
The magic dart hits you.
Natasha stares at you and mumbles some strange words.
You feel yourself slow down.
Fire: a) +0 shortbow
Press: ? - help, Q - select action, (/) - cycle Shift-Dir - straight line, f/p - Natasha
Aim: Natasha (severely wounded, 61% to hit)
You shoot an arrow. The arrow hits Natasha.
An adder comes into view.
The gnoll throws a throwing net.
The throwing net hits you.
You become entangled in the net!
Natasha casts a spell.
You take 5 damage, and have 28/33 hp.
You cannot shoot with your shortbow while held in a net.
Natasha casts a spell.
The gnoll drinks a potion.
The gnoll seems to grow stronger.
You cannot shoot with your shortbow while held in a net.
A gnoll comes into view. It is wielding a +0 club.
Natasha casts a spell.
The gnoll hits you but does no damage. The gnoll hits you with a +0 club.
The white imp disappears for a moment.
You take 5 damage, and have 23/33 hp.
You cannot shoot with your shortbow while held in a net.
Natasha claws you. The gnoll hits you with a +0 club.
The gnoll hits you from afar with a +0 spear.
The white imp gestures at you. The puff of frost hits you.
The crimson imp blinks!
The adder bites you but does no damage.
You take 11 damage, and have 12/33 hp.
MASSIVE DAMAGE!!
You struggle against the net.
Natasha casts a spell at you. The magic dart hits you.
* * * LOW HITPOINT WARNING * * *
The gnoll hits you but does no damage.
The gnoll hits you from afar with a +0 spear.
* * * LOW HITPOINT WARNING * * *
The adder bites you but does no damage. The white imp hits you.
* * * LOW HITPOINT WARNING * * *
The white imp freezes you.
You die...

..........................
#.......#####.####..###.#.
..##......# #.............
..........# ########......
..........####### #......
................. ........
.....g....####### ##......
.......ggS# #......
##.......@#.... #......
.......55h.....# ##..##
..#.##..#.....# ###..#
..#. ##........ .#...# .
........###...#.## .
###...............
#......#....#.##
#.......#..##..#
......#.#.......


You could see Natasha, 3 gnolls, an adder, a white imp (summoned) and a shadow
imp (summoned).

Vanquished Creatures
  An iguana (D:3)
  Natasha (D:3)
  3 adders
  A dart slug (D:1)
  9 orcs
  4 ball pythons
  5 bats
  4 endoplasms
  3 giant cockroaches
  5 goblins
  9 hobgoblins
  7 jackals (D:1)
  4 kobolds
  3 quokkas
  A frilled lizard (D:3)
  7 rats
67 creatures vanquished.

Vanquished Creatures (others)
  An orc wizard (D:2)
1 creature vanquished.

Grand Total: 68 creatures vanquished

Notes
Turn   | Place    | Note
-------+----------+-------------------------------------------
     0 | D:1      | IndexError the Gargoyle Hunter began the quest for the Orb.
     0 | D:1      | Reached XP level 1. HP: 12/12 MP: 1/1
   291 | D:1      | Reached XP level 2. HP: 18/18 MP: 2/2
   335 | D:1      | Found a faded altar of an unknown god.
   701 | D:1      | Reached XP level 3. HP: 22/22 MP: 3/3
  1014 | D:2      | Reached skill level 3 in Fighting
  1040 | D:2      | Reached skill level 5 in Ranged Weapons
  1040 | D:2      | Reached XP level 4. HP: 19/28 MP: 4/4
  1769 | D:3      | Reached XP level 5. HP: 28/32 MP: 5/5
  1976 | D:3      | Noticed Natasha
  1985 | D:3      | Killed Natasha
  1986 | D:3      | Reached skill level 6 in Ranged Weapons
  2012 | D:3      | Noticed Natasha
  2020 | D:3      | HP: 7/33 [Natasha/magic dart (5)]
  2020 | D:3      | HP: 2/33 [white imp[Natasha] (3)]
  2020 | D:3      | Slain by a white imp

Illustrated notes

Levels and vault maps discovered:
D:1:      dpeg_arrival_subterranean_lakeside_camping, layout_loops_corners,
          hellmonk_ecumenical_altar_heavens_door
D:2:      layout_basic, grunt_ministairs_6
D:3:      layout_rooms, uniq_natasha

Skill      XL: |  1  2  3  4  5 |
---------------+----------------+-----
Fighting       | 3 |  3.9
Ranged Weapons | 5 6 |  6.0
Dodging        | |  1.5
Stealth        | |  1.1

Action                     |  1- 3 |  4- 6 || total
---------------------------+-------+-------++-------
   Fire: Shortbow          |    91 |    80 ||   171
 Armour: Leather armour    |    30 |    11 ||    41
  Dodge: Dodged            |    35 |    20 ||    55

Table legend: (Time is in decaauts)
 A = Elapsed time spent in this place.
 B = Non-inter-level travel time spent in this place.
 C = Inter-level travel time spent in this place.
 D = Time resting spent in this place.
 E = Time spent auto-exploring this place.
 F = Levels seen in this place.
 G = Mean time per level.
                   A        B        C        D        E       F      G
               +--------+--------+--------+--------+--------+-----+--------+
         Total |   2082 |   1891 |    191 |      0 |   1566 |   3 |  694.0 |
       Dungeon |   2082 |   1891 |    191 |      0 |   1566 |   3 |  694.0 |
               +--------+--------+--------+--------+--------+-----+--------+

Top non-repeatable levels by time:
     D:1: 1007 daAuts
     D:2: 772 daAuts
     D:3: 303 daAuts

Table legend:
 A = Kills in this place as a percentage of kills in entire the game.
 B = Kills by you in this place as a percentage of kills by you in the entire game.
 C = Kills by friends in this place as a percentage of kills by friends in the entire game.
 D = Other kills in this place as a percentage of other kills in the entire game.
 E = Experience gained in this place as a percentage of experience gained in the entire game.
 F = Experience gained in this place divided by the number of levels of this place that you have seen.
                   A       B       C       D       E      F
               +-------+-------+-------+-------+-------+----------------------
         Total | 100.0 | 100.0 |   N/A | 100.0 | 100.0 |  87.3
       Dungeon | 100.0 | 100.0 |   N/A | 100.0 | 100.0 |  87.3
               +-------+-------+-------+-------+-------+----------------------
